 Dungeon Crawl Stone Soup version 0.30-a0-989-g0d87f670db (webtiles) character file.

Game seed: 7686607402256251508

189 jtron the Insei (level 5, -10/38 HPs)
             Began as a Gnoll Wanderer on Apr 4, 2023.
             Was an Initiate of Qazlal.
             Mangled by Edmund
             ... wielding a +1 dire flail of protection
              (15 damage)
             ... on level 4 of the Dungeon.
             The game lasted 00:07:54 (3275 turns).

jtron the Insei (Gnoll Wanderer)                    Turns: 3275, Time: 00:07:54

Health: -10/38     AC:  3    Str:  8    XL:     5   Next: 68%
Magic:  12/12      EV: 14    Int: 12    God:    Qazlal [......]
Gold:   175        SH:  5    Dex: 16    Spells: 12/14 levels left

rFire   + . .      SeeInvis .      - Unarmed
rCold   . . .      Faith    .    (no shield)
rNeg    . . .      Spirit   .    e - +0 robe
rPois   .          Reflect  +    (no helmet)
rElec   .          Rampage  .    c - +0 cloak
rCorr   .                        (no gloves)
Will    .....                    o - +0 pair of boots
Stlth   ++                       i - amulet of reflection
HPRegen 0.26/turn                n - ring of fire
MPRegen 0.13/turn                (no ring)

@: hasted, very quick
A: fangs 1, strong nose, distributed training, cold resistance 1, deformed body
a: Renounce Religion


You were on level 4 of the Dungeon.
You worshipped Qazlal.
Qazlal was noncommittal.
You visited 1 branch of the dungeon, and saw 4 of its levels.

You collected 175 gold pieces.

Inventory:

Hand Weapons
 z - a +0 dagger
Missiles
 h - 21 stones (quivered)
Armour
 c - a +0 cloak (worn)
 e - a +0 robe (worn)
 o - a +0 pair of boots (worn)
Jewellery
 g - an amulet of magic regeneration
 i - an amulet of reflection (around neck)
 m - a ring of magical power
 n - a ring of fire (left hand)
Scrolls
 a - a scroll of teleportation {unknown}
 b - a scroll of summoning
 d - a scroll of fear
 p - a scroll of enchant armour {unknown}
 q - a scroll of enchant weapon {unknown}
Potions
 f - a potion of haste
 j - a potion of curing
 k - 2 potions of invisibility {unknown}


   Skills:
 + Level 1.6 Fighting
 + Level 1.6 Short Blades
 + Level 1.6 Long Blades
 + Level 1.6 Axes
 + Level 1.6 Maces & Flails
 + Level 1.6 Polearms
 + Level 1.6 Staves
 + Level 1.6 Ranged Weapons
 + Level 1.6 Throwing
 + Level 1.6 Armour
 + Level 4.8 Dodging
 + Level 1.6 Stealth
 + Level 1.6 Shields
 + Level 6.7 Unarmed Combat
 + Level 5.2 Spellcasting
 + Level 1.3 Conjurations
 + Level 1.3 Hexes
 + Level 1.3 Summonings
 + Level 1.3 Necromancy
 + Level 1.3 Translocations
 + Level 1.3 Transmutations
 + Level 5.6 Fire Magic
 + Level 1.3 Ice Magic
 + Level 1.3 Air Magic
 + Level 1.3 Earth Magic
 + Level 1.3 Poison Magic
 + Level 1.9 Invocations
 + Level 1.6 Evocations


You had 12 spell levels left.
You knew the following spells:

 Your Spells              Type           Power      Damage    Failure   Level
a - Foxfire               Conj/Fire      68%        2x1d4     4%          1
b - Necrotise             Necr           24%        1d5       12%         1

Your spell library contained the following spells:

 Spells                   Type           Power      Damage    Failure   Level
 Inner Flame              Hex/Fire       17%        N/A       14%         3
 Vampiric Draining        Necr           6%         2d6       34%         3
 Flame Wave               Conj/Fire      17%        2d7       43%         4
 Sticky Flame             Conj/Fire      17%        2d4       43%         4
 Agony                    Necr           6%         N/A       97%         5
 Malign Gateway           Summ/Tloc      3%         N/A       100%        7
 Summon Horrible Things   Summ           3%         N/A       100%        8


Dungeon Overview and Level Annotations

Branches:
Dungeon (4/15)             Temple (0/1) D:4

Altars:
Dithmenos
Qazlal
The Shining One

Shops:
D:1 [   D:2 !

Annotations:
D:4 Edmund


Innate Abilities, Weirdness & Mutations

You have very sharp teeth.
Your uncanny sense of smell can sniff out nearby items.
Your experience applies equally to all skills.
Your flesh is cold resistant. (rC+)
Armour fits poorly on your strangely shaped body.


Message History

You hit Edmund but do no damage.
Edmund is heavily wounded.
You hit Edmund but do no damage.
Edmund is heavily wounded.
You block Edmund's attack.
You feel much better.
You barely miss Edmund.
Edmund is heavily wounded.
Edmund misses you.
You hit Edmund but do no damage. You bite Edmund, but do no damage.
Edmund is heavily wounded.
You hit Edmund but do no damage.
Edmund is heavily wounded.
You block Edmund's attack.
You hit Edmund but do no damage.
Edmund is heavily wounded.
Edmund hits you with a +1 dire flail of protection!
You hit Edmund.
Edmund is heavily wounded.
You closely miss Edmund.
Edmund is heavily wounded.
Edmund closely misses you.
You hit Edmund but do no damage. You bite Edmund, but do no damage.
Edmund is heavily wounded.
You closely miss Edmund. You punch Edmund, but do no damage.
Your bite misses Edmund.
Edmund is heavily wounded.
Edmund barely misses you.
You hit Edmund but do no damage. You bite Edmund, but do no damage.
Edmund is heavily wounded.
You punch Edmund!
Edmund is severely wounded.
Edmund hits you with a +1 dire flail of protection!
* * * LOW HITPOINT WARNING * * *
You punch Edmund! You punch Edmund, but do no damage.
Edmund is almost dead.
You hit Edmund but do no damage. You bite Edmund, but do no damage.
Edmund is almost dead.
Edmund hits you with a +1 dire flail of protection!
You die...

............. ##
#........... ..#
#........... #.#
#.......... #.#
#.......... #.#
#.........# ..
#.## ##.....####
....#####..#
#..###.....
#.....@..####.##
##....
###.###@.......##
#....
..........###.##
#.... ##...##..##
### #....
##...##.## #....
.....=†.# #.....
...>....# ......#
.........
#####...
##...##.# #...


You could see Edmund.

Vanquished Creatures
  A scorpion (D:3)
  Natasha (D:2)
  3 gnolls (D:3)
  2 adders
  2 worms
  A dart slug (D:4)
  2 endoplasms
  A giant cockroach (D:2)
  7 goblins
  2 hobgoblins
  6 jackals
  4 quokkas
  10 ball pythons
  A bat (D:1)
  2 frilled lizards (D:1)
  4 kobolds
  5 rats
54 creatures vanquished.

Vanquished Creatures (others)
  A bat (D:3)
  88 foxfires
89 creatures vanquished.

Grand Total: 143 creatures vanquished

Notes
Turn   | Place    | Note
-------+----------+-------------------------------------------
     0 | D:1      | jtron the Gnoll Wanderer began the quest for the Orb.
     0 | D:1      | jtron set off with the following items: a +0 dagger, a
                  | scroll of summoning, a +0 cloak, a scroll of fear, a +0
                  | robe, a potion of haste; and the following spell memorised:
                  | Foxfire; and the following spells available to memorise:
                  | Inner Flame.
     0 | D:1      | Reached XP level 1. HP: 13/13 MP: 6/6
    13 | D:1      | Found Wenwuq's Antique Armour Emporium.
   242 | D:1      | Reached XP level 2. HP: 19/19 MP: 5/7
   493 | D:1      | You fall into a shaft and drop 1 floor!
   600 | D:2      | Noticed Natasha
   819 | D:1      | Reached skill level 5 in Spellcasting
   819 | D:1      | Reached XP level 3. HP: 25/25 MP: 2/9
  1159 | D:2      | Found Daef's Distillery.
  1292 | D:2      | Reached skill level 1 in Invocations
  1594 | D:2      | Killed Natasha
  1595 | D:2      | Reached skill level 1 in Fighting
  1595 | D:2      | Reached skill level 1 in Short Blades
  1595 | D:2      | Reached skill level 1 in Long Blades
  1595 | D:2      | Reached skill level 1 in Axes
  1595 | D:2      | Reached skill level 1 in Maces & Flails
  1595 | D:2      | Reached skill level 1 in Polearms
  1595 | D:2      | Reached skill level 1 in Staves
  1595 | D:2      | Reached skill level 1 in Ranged Weapons
  1595 | D:2      | Reached skill level 1 in Throwing
  1595 | D:2      | Reached skill level 1 in Armour
  1595 | D:2      | Reached skill level 1 in Stealth
  1595 | D:2      | Reached skill level 1 in Shields
  1595 | D:2      | Reached skill level 1 in Evocations
  1595 | D:2      | Reached XP level 4. HP: 32/32 MP: 11/11
  1820 | D:2      | Reached skill level 1 in Conjurations
  1820 | D:2      | Reached skill level 1 in Hexes
  1820 | D:2      | Reached skill level 1 in Summonings
  1820 | D:2      | Reached skill level 1 in Necromancy
  1820 | D:2      | Reached skill level 1 in Translocations
  1820 | D:2      | Reached skill level 1 in Transmutations
  1820 | D:2      | Reached skill level 1 in Ice Magic
  1820 | D:2      | Reached skill level 1 in Air Magic
  1820 | D:2      | Reached skill level 1 in Earth Magic
  1820 | D:2      | Reached skill level 1 in Poison Magic
  1840 | D:2      | Gained mutation: Armour fits poorly on your strangely
                  | shaped body. [potion of mutation]
  1840 | D:2      | Gained mutation: Your flesh is cold resistant. (rC+)
                  | [potion of mutation]
  2025 | D:2      | Learned a level 1 spell: Necrotise
  2132 | D:3      | Noticed a scorpion
  2155 | D:3      | Killed a scorpion
  2156 | D:3      | Reached XP level 5. HP: 15/37 MP: 3/12
  2352 | D:3      | Found a glowing golden altar of the Shining One.
  2595 | D:3      | Found a faded altar of an unknown god.
  2920 | D:3      | Found a stormy altar of Qazlal.
  2926 | D:3      | Became a worshipper of Qazlal Stormbringer
  3144 | D:4      | Found a shadowy altar of Dithmenos.
  3230 | D:4      | Found a staircase to the Ecumenical Temple.
  3232 | D:4      | Noticed Edmund
  3275 | D:4      | Mangled by Edmund

Illustrated notes

Levels and vault maps discovered:
D:1:      spicycebolla_arrival_xxxplode, layout_loops_ring, serial_shops,
          nicolae_shop_hallway_stairs
D:2:      layout_loops_corners, serial_shops, nicolae_shop_hallway_plus,
          minmay_liquid_box, kennysheep_nondescript, uniq_natasha
D:3:      layout_loops_corners, tso_oasis_becter, grunt_qazlal_clouds,
          shapermc_ecumenical_altar_notcrosses, grunt_ministairs_6
D:4:      dreamdust_elfheim, layout_layer_cave, trog_three_pillars_becter,
          nicolae_overflow_crystal_walls, minmay_temple_entry_stoned_glass,
          uniq_edmund

Skill      XL: |  1  2  3  4 |
---------------+-------------+-----
Spellcasting   | 5 |  5.2
Invocations    | 1 |  1.9
Fighting       | 1 |  1.6
Short Blades   | 1 |  1.6
Long Blades    | 1 |  1.6
Axes           | 1 |  1.6
Maces & Flails | 1 |  1.6
Polearms       | 1 |  1.6
Staves         | 1 |  1.6
Ranged Weapons | 1 |  1.6
Throwing       | 1 |  1.6
Armour         | 1 |  1.6
Stealth        | 1 |  1.6
Shields        | 1 |  1.6
Evocations     | 1 |  1.6
Conjurations   | 1 |  1.3
Hexes          | 1 |  1.3
Summonings     | 1 |  1.3
Necromancy     | 1 |  1.3
Translocations | 1 |  1.3
Transmutations | 1 |  1.3
Ice Magic      | 1 |  1.3
Air Magic      | 1 |  1.3
Earth Magic    | 1 |  1.3
Poison Magic   | 1 |  1.3
Dodging        | |  4.8
Unarmed Combat | |  6.7
Fire Magic     | |  5.6

Action                     |  1- 3 |  4- 6 || total
---------------------------+-------+-------++-------
  Melee: Unarmed           |    53 |    60 ||   113
         Bite              |     6 |     5 ||    11
         Punch             |     1 |     2 ||     3
  Throw: Stone             |     3 |       ||     3
   Cast: Foxfire           |    36 |    22 ||    58
         Necrotise         |       |     8 ||     8
    Use: Scroll            |     4 |     2 ||     6
         Potion            |       |     5 ||     5
   Stab: Sleeping          |     3 |     1 ||     4
 Armour: Robe              |     3 |     7 ||    10
  Dodge: Dodged            |    28 |    27 ||    55
  Block: Other             |     6 |    20 ||    26

Table legend: (Time is in decaauts)
 A = Elapsed time spent in this place.
 B = Non-inter-level travel time spent in this place.
 C = Inter-level travel time spent in this place.
 D = Time resting spent in this place.
 E = Time spent auto-exploring this place.
 F = Levels seen in this place.
 G = Mean time per level.
                   A        B        C        D        E       F      G
               +--------+--------+--------+--------+--------+-----+--------+
         Total |   3253 |   3200 |     53 |    211 |   2470 |   4 |  813.2 |
       Dungeon |   3253 |   3200 |     53 |    211 |   2470 |   4 |  813.2 |
               +--------+--------+--------+--------+--------+-----+--------+

Top non-repeatable levels by time:
     D:3: 1107 daAuts
     D:1: 1018 daAuts
     D:2: 1002 daAuts
     D:4: 125 daAuts
